 Dungeon Crawl Stone Soup version 0.30-a0-870-gc5d4c5acee (webtiles) character file.

Game seed: 16896908245488213050

6 Gerhazo the Magician (level 2, -1/22 HPs)
             Began as a Djinni Fire Elementalist on Mar 11, 2023.
             Slain by a jackal (3 damage)
             ... on level 1 of the Dungeon.
             The game lasted 00:01:16 (260 turns).

Gerhazo the Magician (Djinni Fire Elementalist)      Turns: 260, Time: 00:01:17

Health: -1/22      AC:  2    Str:  7    XL:     2   Next: 0%
Gold:   31         EV: 12    Int: 16    God:
                   SH:  0    Dex: 13

rFire   + + .      SeeInvis .    (no weapon)
rCold   x . .      Faith    .    (no shield)
rNeg    . . .      Spirit   .    a - +0 robe
rPois   ∞          Reflect  .    (no helmet)
rElec   .          Rampage  .    (no cloak)
rCorr   .                        (no gloves)
Will    .....                    (boots unavailable)
Stlth   ++                       (no amulet)
HPRegen 0.23/turn                (no ring)
MPRegen 0.00/turn                (no ring)

@: flying
A: sickness immunity, fire resistance 2, cold vulnerability 1, float, innate
caster, HP casting, extra vitality 1
a: no special abilities


You were on level 1 of the Dungeon.
You visited 1 branch of the dungeon, and saw 1 of its levels.

You collected 31 gold pieces.

Inventory:

Armour
 a - a +0 robe (worn)


   Skills:
 + Level 0.4 Fighting
 + Level 2.3 Dodging
 + Level 1.7 Stealth
 + Level 2.5 Spellcasting


You knew the following spells:

 Your Spells              Type           Power      Damage    Failure   Level
a - Foxfire               Conj/Fire      40%        2x1d6     7%          1
b - Scorch                Fire           20%        2d6       11%         2
c - Kindle Blastsparks    Fire/Tloc/Air  20%        2d11      22%         3
d - Inner Flame           Hex/Fire       10%        N/A       22%         3
e - Flame Wave            Conj/Fire      10%        2d6       56%         4
Your spell library was empty.

Dungeon Overview and Level Annotations

Branches:
Dungeon (1/15)

Altars:


Innate Abilities, Weirdness & Mutations

You are immune to sickness and miasma.
You are immune to poison.
Your flesh is very heat resistant. (rF++)
You are vulnerable to cold. (rC-)
You float through the air rather than walking.
You learn spells naturally, not from books.
Your magical power is your life essence.
You have superior vitality. (+4 MHP)


Message History

Confirm with . or Enter, or press ? or * to list all spells.
You conjure some foxfire!
The jackal bites you.
A dart slug comes into view.
The jackal barely misses you. The endoplasm freezes you.
You are frozen.
You feel a terrible chill!
* * * LOW HITPOINT WARNING * * *
Your foxfire dissipates!
The endoplasm attacks as you move away! The endoplasm hits you.
* * * LOW HITPOINT WARNING * * *
The foxfire hits the jackal.
You kill the jackal!
You have reached level 2!
The quokka attacks as you move away! The quokka bites you.
* * * LOW HITPOINT WARNING * * *
Your magical contamination has completely faded away.
The quokka attacks as you move away! The quokka closely misses you.
The quokka bites you.
* * * LOW HITPOINT WARNING * * *
You aren't carrying any potions.
As you read the scroll labelled SOTAN FOSKU, it crumbles to dust.
It is a scroll of enchant weapon.
You aren't carrying any weapons that can be enchanted.
The quokka closely misses you. The quokka attacks as you move away!
The quokka barely misses you. The jackal bites you.
* * * LOW HITPOINT WARNING * * *
The jackal attacks as you move away!
The jackal bites you but does no damage.
The jackal misses you. The jackal completely misses you.
The jackal bites you but does no damage.
The jackal attacks as you move away!
The jackal bites you but does no damage.
The jackal attacks as you move away! The jackal bites you.
* * * LOW HITPOINT WARNING * * *
The jackal completely misses you. The jackal attacks as you move away!
The jackal barely misses you. The jackal bites you.
You die...

##...##....# ##...###....#
.. ##...## ###'## .. #...##
#.# .. ##...# #.# .# ..
#...## #.# .# ####...# #.#
.# ##.#...# #.########.#
#......# #.@h.r.J.#.#
#.#..#.# #########.#.#
#.#..#.# ..# #.#.# .....#.#
#.# ####.J.# ####.#.#. #?#
#....### #.....w #.#
##.##.#
#.#(#...###.###..##.#####..
.#.#.......##....#........
#†h##.......#####.


You could see an endoplasm, a quokka and a jackal.

Vanquished Creatures
  A ball python (D:1)
  An endoplasm (D:1)
  A jackal (D:1)
  A quokka (D:1)
  A frilled lizard (D:1)
5 creatures vanquished.

Vanquished Creatures (others)
  18 foxfires (D:1)
18 creatures vanquished.

Grand Total: 23 creatures vanquished

Notes
Turn   | Place    | Note
-------+----------+-------------------------------------------
     0 | D:1      | Gerhazo the Djinni Fire Elementalist began the quest for
                  | the Orb.
     0 | D:1      | Gerhazo set off with the following spells memorised:
                  | Foxfire, Scorch, Kindle Blastsparks, Inner Flame, Flame
                  | Wave.
     0 | D:1      | Reached XP level 1. HP: 15/15 MP: 0/0
   240 | D:1      | Reached XP level 2. HP: 3/22 MP: 0/0
   245 | D:1      | HP: 1/22 [quokka (2)]
   258 | D:1      | HP: 1/22 [jackal (2)]
   260 | D:1      | Slain by a jackal

Illustrated notes

Levels and vault maps discovered:
D:1:      dpeg_arrival_shelter, layout_basic, serial_curves, eino_curves_01,
          eino_curves_02, eino_curves_04, eino_curves_03

Action                     || total
---------------------------++-------
   Cast: Foxfire           ||    17
    Use: Scroll            ||     1
 Armour: Robe              ||     6
  Dodge: Dodged            ||    22

Table legend: (Time is in decaauts)
 A = Elapsed time spent in this place.
 B = Non-inter-level travel time spent in this place.
 C = Inter-level travel time spent in this place.
 D = Time resting spent in this place.
 E = Time spent auto-exploring this place.
 F = Levels seen in this place.
 G = Mean time per level.
                   A        B        C        D        E       F      G
               +--------+--------+--------+--------+--------+-----+--------+
         Total |    260 |    260 |      0 |     41 |    109 |   1 |  260.0 |
       Dungeon |    260 |    260 |      0 |     41 |    109 |   1 |  260.0 |
               +--------+--------+--------+--------+--------+-----+--------+

Top non-repeatable levels by time:
     D:1: 260 daAuts
